AAA EAST
ST. PAUL SAINTS @ TRI-CITY VALLEYCATS
09/05/2041
 
TOP OF THE 1ST
St. Paul Saints batting - Pitching for Tri-City ValleyCats : RHP Sixt Masur
Pitching: RHP Sixt Masur
Batting: RHB António Ortíz 0-0: Ball
1-0: Ground out 6-3 (Groundball, 6, EV 109.4 MPH)
Batting: RHB Steve Thomas 0-0: Foul Ball, location: 9LDF
0-1: Ball
1-1: Ball
2-1: Ball
3-1: Base on Balls
Batting: SHB Ron Richards 0-0: Ball
1-0: Called Strike
1-1: Called Strike
1-2: Ball
2-2: Strikes out swinging
Batting: LHB Joe McMahon 0-0: Ground out 6-3 (Groundball, 4M, EV 110.6 MPH)
Top of the 1st over - 0 runs, 0 hits, 0 errors, 1 left on base; St. Paul 0 - Tri-City 0
BOTTOM OF THE 1ST
Tri-City ValleyCats batting - Pitching for St. Paul Saints : RHP Zare Turovtsev
Pitching: RHP Zare Turovtsev
Batting: RHB Frank Parry 0-0: Called Strike
0-1: Fly out, F1 (Line Drive, P, EV 70.0 MPH)
Batting: LHB José Núñez 0-0: Ball
1-0: Ball
2-0: Foul Ball, location: 7LMF
2-1: Called Strike
2-2: Foul Ball, location: 23F
2-2: Foul Ball, location: 2F
2-2: Strikes out looking
Batting: RHB Robbie Mayes 0-0: Called Strike
0-1: Foul Ball, location: 7LMFF
0-2: Strikes out looking
Bottom of the 1st over - 0 runs, 0 hits, 0 errors, 0 left on base; St. Paul 0 - Tri-City 0
TOP OF THE 2ND
St. Paul Saints batting - Pitching for Tri-City ValleyCats : RHP Sixt Masur
Batting: RHB Juan Juárez 0-0: Called Strike
0-1: Foul Ball, location: 2F
0-2: Ball
1-2: Ball
2-2: SINGLE (Groundball, 4MD, EV 100.0 MPH)
Batting: LHB José Toledo 0-0: Ball
1-0: Foul Ball, location: 3FF
1-1: Bunt missed!
1-2: Ball
2-2: Fly out, F5 (Popup, 5SF, EV 43.8 MPH)
Batting: RHB Mario Reyes 0-0: Swinging Strike
0-1: Foul Ball, location: 3F
0-2: Foul Ball, location: 2F
0-2: Grounds into double play, 6-4-3 (Groundball, 56, EV 87.5 MPH)
Top of the 2nd over - 0 runs, 1 hit, 0 errors, 0 left on base; St. Paul 0 - Tri-City 0
BOTTOM OF THE 2ND
Tri-City ValleyCats batting - Pitching for St. Paul Saints : RHP Zare Turovtsev
Batting: RHB Miguel Berger 0-0: Ball
1-0: Ground out 6-3 (Groundball, 6, EV 83.1 MPH)
Batting: RHB António Castillo 0-0: Called Strike
0-1: DOUBLE (Line Drive, 8LXD, EV 105.0 MPH)
Batting: LHB Orlando Reyna 0-0: Ball
1-0: Called Strike
1-1: Swinging Strike
1-2: Ball
2-2: Strikes out swinging
Batting: RHB Jim Unknown 0-0: Ball
1-0: Called Strike
1-1: Foul Ball, location: 5FF
1-2: Ball
2-2: Ball
3-2: Ground out 5-3 (Groundball, 56, EV 78.8 MPH)
Bottom of the 2nd over - 0 runs, 1 hit, 0 errors, 1 left on base; St. Paul 0 - Tri-City 0
TOP OF THE 3RD
St. Paul Saints batting - Pitching for Tri-City ValleyCats : RHP Sixt Masur
Batting: RHB Juan Quintana 0-0: Ball
1-0: Ball
2-0: Fly out, F7 (Line Drive, 78M, EV 87.5 MPH)
Batting: LHB Mario Román 0-0: TRIPLE (Flyball, 9LD, EV 100.6 MPH)
Batting: RHB António Ortíz 0-0: Ball
1-0: Ball
2-0: Called Strike
2-1: Ball
3-1: SINGLE (Groundball, 56D, EV 110.6 MPH)
Mario Román scores
Batting: RHB Steve Thomas 0-0: Ball
1-0: Called Strike
1-1: Grounds into double play, 5-4-3 (Groundball, 56S, EV 83.1 MPH)
Top of the 3rd over - 1 run, 2 hits, 0 errors, 0 left on base; St. Paul 1 - Tri-City 0
BOTTOM OF THE 3RD
Tri-City ValleyCats batting - Pitching for St. Paul Saints : RHP Zare Turovtsev
Batting: RHB Jim Unknown 0-0: Called Strike
0-1: Ball
1-1: Ground out 6-3 (Groundball, 6, EV 102.5 MPH)
Batting: RHB Jim Unknown 0-0: Called Strike
0-1: Swinging Strike
0-2: Strikes out swinging
Batting: RHB Frank Parry 0-0: Called Strike
0-1: Ball
1-1: Called Strike
1-2: Strikes out swinging
Bottom of the 3rd over - 0 runs, 0 hits, 0 errors, 0 left on base; St. Paul 1 - Tri-City 0
TOP OF THE 4TH
St. Paul Saints batting - Pitching for Tri-City ValleyCats : RHP Sixt Masur
Batting: SHB Ron Richards 0-0: Foul Ball, location: 2F
0-1: Ball
1-1: Ball
2-1: Ball
3-1: Foul Ball, location: 2F
3-2: SOLO HOME RUN (Flyball, 89XD, EV 101.9 MPH), Distance : 389 ft
Batting: LHB Joe McMahon 0-0: Swinging Strike
0-1: Called Strike
0-2: Foul Ball, location: 2F
0-2: Foul Ball, location: 3FF
0-2: Strikes out looking
Batting: RHB Juan Juárez 0-0: Ball
1-0: Swinging Strike
1-1: Swinging Strike
1-2: Strikes out swinging
Pitching: RHP Luis Díaz
Batting: LHB José Toledo 0-0: Called Strike
0-1: Ball
1-1: Foul Ball, location: 7LSF
1-2: Ball
2-2: Ball
3-2: Fly out, F8 (Flyball, 8LM, EV 86.9 MPH)
Top of the 4th over - 1 run, 1 hit, 0 errors, 0 left on base; St. Paul 2 - Tri-City 0
BOTTOM OF THE 4TH
Tri-City ValleyCats batting - Pitching for St. Paul Saints : RHP Zare Turovtsev
Batting: LHB José Núñez 0-0: SOLO HOME RUN (Line Drive, 9LD, EV 91.3 MPH), Distance : 340 ft
Batting: RHB Robbie Mayes 0-0: Ball
1-0: Foul Ball, location: 2F
1-1: Fly out, F7 (Line Drive, 78M, EV 93.1 MPH)
Batting: RHB Miguel Berger 0-0: Ball
1-0: Foul Ball, location: 5F
1-1: Ball
2-1: Ball
3-1: Base on Balls
Batting: RHB António Castillo 0-0: Ball
1-0: Ball
2-0: Foul Ball, location: 5SF
2-1: Ball
3-1: Grounds into double play, 6-4-3 (Groundball, 6D, EV 83.1 MPH)
Bottom of the 4th over - 1 run, 1 hit, 0 errors, 0 left on base; St. Paul 2 - Tri-City 1
TOP OF THE 5TH
St. Paul Saints batting - Pitching for Tri-City ValleyCats : RHP Luis Díaz
Batting: RHB Mario Reyes 0-0: Ball
1-0: Ball
2-0: Ball
3-0: Base on Balls
Batting: RHB Juan Quintana 0-0: Sac Bunt to 25 - play at first, batter safe!
Mario Reyes to second
Batting: LHB Mario Román 0-0: Ball
1-0: Sac Bunt to P - play at third, runner OUT! 1-5
Juan Quintana to second
Batting: RHB António Ortíz 0-0: Ball
1-0: Ball
2-0: Ball
3-0: Base on Balls
Juan Quintana to third
Mario Román to second
Batting: RHB Steve Thomas 0-0: Ball
1-0: Ball
2-0: Ball
3-0: Base on Balls
Juan Quintana scores
Mario Román to third
António Ortíz to second
Batting: SHB Ron Richards 0-0: Called Strike
0-1: TRIPLE (Flyball, 89XD, EV 106.3 MPH)
Mario Román scores
António Ortíz scores
Steve Thomas scores
Pitching: RHP Pancho Marte
Batting: LHB Joe McMahon 0-0: Called Strike
0-1: Swinging Strike
0-2: Strikes out swinging
Batting: RHB Juan Juárez 0-0: SINGLE (Groundball, 6MD, EV 98.8 MPH)
Ron Richards scores
Batting: LHB José Toledo 0-0: TRIPLE (Line Drive, 9D, EV 99.4 MPH)
Juan Juárez scores
Batting: RHB Mario Reyes 0-0: Ball
1-0: Swinging Strike
1-1: Called Strike
1-2: Ball
2-2: Strikes out swinging
Top of the 5th over - 6 runs, 4 hits, 0 errors, 1 left on base; St. Paul 8 - Tri-City 1
BOTTOM OF THE 5TH
Tri-City ValleyCats batting - Pitching for St. Paul Saints : RHP Zare Turovtsev
Batting: LHB Orlando Reyna 0-0: Foul Ball, location: 7LSF
0-1: Ball
1-1: Ball
2-1: SOLO HOME RUN (Flyball, 89XD, EV 110.0 MPH), Distance : 417 ft
Batting: RHB Jim Unknown 0-0: Ground out 5-3 (Groundball, 56S, EV 76.9 MPH)
Batting: RHB Jim Unknown 0-0: Ball
1-0: Foul Ball, location: 9LDF
1-1: Ball
2-1: Ground out 4-3 (Groundball, 4, EV 83.8 MPH)
Batting: RHB Jim Unknown 0-0: SINGLE (Line Drive, 78S, EV 110.0 MPH)
Batting: RHB Frank Parry 0-0: Ball
1-0: Ball
Wild Pitch!
Jim Unknown to second
2-0: Ball
3-0: Fly out, F8 (Flyball, 8RM, EV 97.5 MPH)
Bottom of the 5th over - 1 run, 2 hits, 0 errors, 1 left on base; St. Paul 8 - Tri-City 2
TOP OF THE 6TH
St. Paul Saints batting - Pitching for Tri-City ValleyCats : RHP Pancho Marte
Batting: RHB Juan Quintana 0-0: Ball
1-0: Ball
2-0: Called Strike
2-1: SINGLE (Groundball, 34D, EV 98.1 MPH)
Batting: LHB Mario Román 0-0: Ball
1-0: SINGLE (Groundball, 13S, EV 70.6 MPH) (infield hit)
Juan Quintana to second
Batting: RHB António Ortíz 0-0: Ball
1-0: Fielders Choice at 2nd, 1-6 (Groundball, 13S, EV 63.1 MPH)
Juan Quintana to third
Batting: RHB Steve Thomas 0-0: Ball
Balk!
Juan Quintana scores
António Ortíz to second
1-0: Swinging Strike
1-1: Called Strike
1-2: Ball
2-2: Ground out 5-3 (Groundball, 5L, EV 101.3 MPH)
Batting: SHB Ron Richards 0-0: Ball
1-0: Foul Ball, location: 3FF
1-1: Ball
2-1: Foul Ball, location: 2F
2-2: Ball
3-2: SINGLE (Flyball, 56D, EV 89.4 MPH)
António Ortíz to third
Runner from 3rd tries for Home, SAFE, throw by LF to home
Batting: LHB Joe McMahon 0-0: Foul Ball, location: 5FF
0-1: Foul Ball, location: 7LMF
0-2: Ball
1-2: Strikes out looking
Top of the 6th over - 2 runs, 3 hits, 0 errors, 1 left on base; St. Paul 10 - Tri-City 2
BOTTOM OF THE 6TH
Tri-City ValleyCats batting - Pitching for St. Paul Saints : RHP Zare Turovtsev
Batting: LHB José Núñez 0-0: Called Strike
0-1: Swinging Strike
0-2: Strikes out swinging, 2-3 out at first.
Batting: RHB Robbie Mayes 0-0: Ball
1-0: SOLO HOME RUN (Flyball, 7D, EV 93.8 MPH), Distance : 368 ft
Batting: RHB Miguel Berger 0-0: Called Strike
0-1: Ball
1-1: Foul Ball, location: 5F
1-2: Strikes out looking
Batting: RHB António Castillo 0-0: Called Strike
0-1: Foul Ball, location: 25F
0-2: Foul Ball, location: 2LF
0-2: SINGLE (Groundball, 56D, EV 97.5 MPH)
Batting: LHB Orlando Reyna 0-0: Called Strike
0-1: Ground out U3 (Groundball, 3L, EV 80.6 MPH)
Bottom of the 6th over - 1 run, 2 hits, 0 errors, 1 left on base; St. Paul 10 - Tri-City 3
TOP OF THE 7TH
St. Paul Saints batting - Pitching for Tri-City ValleyCats : RHP Pancho Marte
Pinch Hitting: RHB José Chacón 0-0: Called Strike
0-1: Ball
1-1: Swinging Strike
1-2: Fly out, F4 (Popup, 13, EV 74.4 MPH)
Batting: LHB José Toledo 0-0: Called Strike
0-1: Called Strike
0-2: Strikes out swinging
Batting: RHB Mario Reyes 0-0: Called Strike
0-1: Fly out, F6 (Popup, 6, EV 61.9 MPH)
Top of the 7th over - 0 runs, 0 hits, 0 errors, 0 left on base; St. Paul 10 - Tri-City 3
BOTTOM OF THE 7TH
Tri-City ValleyCats batting - Pitching for St. Paul Saints : RHP Zare Turovtsev
Now at 1B: José Chacón
Batting: RHB Jim Unknown 0-0: Ball
1-0: Called Strike
1-1: Ball
2-1: Called Strike
2-2: SINGLE (Groundball, 34D, EV 103.1 MPH)
Pinch Hitting: RHB Jim Unknown 0-0: Called Strike
0-1: Fly out, F7 (Flyball, 78D, EV 93.1 MPH)
Batting: RHB Jim Unknown 0-0: Swinging Strike
0-1: Ball
1-1: Fly out, F9 (Flyball, 9LM, EV 106.3 MPH)
Batting: RHB Frank Parry 0-0: Ball
1-0: Foul Ball, location: 9LDF
1-1: Called Strike
1-2: Ball
2-2: Strikes out swinging
Bottom of the 7th over - 0 runs, 1 hit, 0 errors, 1 left on base; St. Paul 10 - Tri-City 3
TOP OF THE 8TH
St. Paul Saints batting - Pitching for Tri-City ValleyCats : RHP Pancho Marte
Now at SS: Jim Unknown
Batting: RHB Juan Quintana 0-0: Ball
1-0: Called Strike
1-1: SINGLE (Line Drive, 8RS, EV 110.0 MPH)
Batting: LHB Mario Román 0-0: Called Strike
0-1: Fly out, F7 (Flyball, 7LSF, EV 97.5 MPH)
Pinch Hitting: LHB Jeremy Castle 0-0: Ball
1-0: Ball
2-0: Swinging Strike
2-1: DOUBLE (Flyball, 89XD, EV 110.6 MPH)
Juan Quintana to third
Runner from 3rd tries for Home, throw by CF and OUT! 8-4-2
Batting: RHB Steve Thomas 0-0: Ball
1-0: Ground out U3 (Groundball, 3S, EV 69.4 MPH)
Top of the 8th over - 0 runs, 2 hits, 0 errors, 1 left on base; St. Paul 10 - Tri-City 3
BOTTOM OF THE 8TH
Tri-City ValleyCats batting - Pitching for St. Paul Saints : RHP Zare Turovtsev
Now at 2B: Jeremy Castle
Batting: LHB José Núñez 0-0: Fly out, F5 (Popup, 6S, EV 73.1 MPH)
Pinch Hitting: RHB Jim Unknown 0-0: Swinging Strike
0-1: Foul Ball, location: 2F
0-2: Ball
1-2: Strikes out swinging
Batting: RHB Miguel Berger 0-0: DOUBLE (Flyball, 78XD, EV 110.0 MPH)
Batting: RHB António Castillo 0-0: Ball
1-0: Called Strike
1-1: Ball
2-1: Fly out, F8 (Line Drive, 78M, EV 93.8 MPH)
Bottom of the 8th over - 0 runs, 1 hit, 0 errors, 1 left on base; St. Paul 10 - Tri-City 3
TOP OF THE 9TH
St. Paul Saints batting - Pitching for Tri-City ValleyCats : RHP Pancho Marte
Now at 1B: José Núñez
Now in CF: Jim Unknown
Batting: SHB Ron Richards 0-0: Ball
1-0: Ball
2-0: Called Strike
2-1: Foul Ball, location: 9LDF
2-2: Strikes out swinging
Batting: LHB Joe McMahon 0-0: Ball
1-0: Foul Ball, location: 23F
1-1: Ball
2-1: SOLO HOME RUN (Flyball, 7D, EV 93.8 MPH), Distance : 354 ft
Pitching: RHP Bob Cooper
Batting: RHB José Chacón 0-0: Ball
1-0: Foul Ball, location: 7LMF
1-1: Ground out 5-3 (Groundball, 56, EV 104.4 MPH)
Batting: LHB José Toledo 0-0: Foul Ball, location: 5SF
0-1: Foul Ball, location: 5SF
0-2: Foul Ball, location: 25F
0-2: SOLO HOME RUN (Flyball, 89XD, EV 103.8 MPH), Distance : 397 ft
Pinch Hitting: LHB Jerry Butler 0-0: Ball
1-0: Ground out U3 (Groundball, 3, EV 86.9 MPH)
Top of the 9th over - 2 runs, 2 hits, 0 errors, 0 left on base; St. Paul 12 - Tri-City 3
BOTTOM OF THE 9TH
Tri-City ValleyCats batting - Pitching for St. Paul Saints : RHP Zare Turovtsev
Now at C: Jerry Butler
Batting: LHB Orlando Reyna 0-0: Ball
1-0: Called Strike
1-1: Called Strike
1-2: Strikes out swinging
Pitching: RHP Robby McGrath
Pinch Hitting: LHB Isaac Miller 0-0: Fly out, F9 (Line Drive, 9S, EV 98.1 MPH)
Batting: RHB Jim Unknown 0-0: Swinging Strike
0-1: Ball
1-1: Swinging Strike
1-2: Ball
2-2: Strikes out swinging
Bottom of the 9th over - 0 runs, 0 hits, 0 errors, 0 left on base; St. Paul 12 - Tri-City 3
Monday, April 1st , 2024 - OOTP Baseball 24.10 Build 82